 Dungeon Crawl Stone Soup version 0.18.1-8-gdd0e5ea (webtiles) character file.

18722 manyhoops the Thaumaturge (level 12, -2/94 HPs)
             Began as a Demigod Ice Elementalist on May 24, 2016.
             Slain by a spectral orc knight
             ... wielding a cursed +0 war axe
             ... summoned by Nergalle
              (9 damage)
             ... on level 3 of the Lair of Beasts.
             The game lasted 01:11:31 (17349 turns).

manyhoops the Thaumaturge (DgIE)                   Turns: 17349, Time: 01:11:32

Health: -2/94      AC: 16    Str: 15    XL:     12   Next: 3%
Magic:  2/31       EV: 11    Int: 36    God:
Gold:   526        SH:  0    Dex: 20    Spells: 8 memorised, 10 levels left

rFire  . . .     SeeInvis .     Q - +2 dagger of Jookheps {vamp, Int+5}
rCold  . . .     Gourm    +     L - +4 robe of Augmentation {Str+4 Int+4 Dex+4}
rNeg   . . .     Faith    .     (no shield)
rPois  +         Spirit   .     (no helmet)
rElec  .         Dismiss  .     W - +2 cloak
rCorr  .         Reflect  .     Y - +1 pair of gloves
SustAt +         Harm     .     x - +2 pair of boots
MR     +....                    K - amulet of the gourmand
Stlth  +++.......               G - ring of poison resistance
                                p - ring of stealth

@: lethally poisoned (-2 -> -7), heavily drained, somewhat resistant to hostile
enchantments, fairly stealthy
A: yellow scales 1, high mp 1, sustain attributes
a: no special abilities


You were on level 3 of the Lair of Beasts.
You were not hungry.

You visited 2 branches of the dungeon, and saw 13 of its levels.

You collected 805 gold pieces.
You spent 279 gold pieces at shops.

Inventory:

Hand Weapons
 a - a +0 blowgun
 n - a +3 flail of protection
 J - the +7 morningstar of Intimidation {speed, Int-2 Dex+5}
   (You bought it in a shop on level 8 of the Dungeon)

   Attacks with this weapon are significantly faster.
   It affects your intelligence (-2).
   It affects your dexterity (+5).
 Q - the +2 dagger of Jookheps (weapon) {vamp, Int+5}
   (You found it on level 1 of the Lair of Beasts)

   It inflicts no extra harm, but heals its wielder somewhat when it strikes a
   living foe.
   It affects your intelligence (+5).
Missiles
 b - 7 curare-tipped needles
 U - a throwing net (quivered)
Armour
 x - a +2 pair of boots (worn)
 L - the +4 robe of Augmentation (worn) {Str+4 Int+4 Dex+4}
   (You found it on level 9 of the Dungeon)

   It affects your strength (+4).
   It affects your intelligence (+4).
   It affects your dexterity (+4).
 N - a +1 robe of positive energy
 W - a +2 cloak (worn)
 Y - a +1 pair of gloves (worn)
Magical Staves
 D - an uncursed staff of poison
Jewellery
 p - a ring of stealth (left hand)
 t - an uncursed ring of ice
 G - a ring of poison resistance (right hand)
 I - an uncursed ring of protection from fire
 K - an amulet of the gourmand (around neck)
Wands
 C - a wand of paralysis (17/24)
 H - a wand of digging (8/24)
 R - a wand of enslavement (7/24)
 X - a wand of lightning (0/15)
Scrolls
 g - 3 scrolls of amnesia
 h - 2 scrolls of random uselessness {unknown}
 i - 6 scrolls of remove curse
 q - a scroll of immolation
 r - 6 scrolls of recharging
 u - a scroll of fear {unknown}
 y - 3 scrolls of teleportation
Potions
 d - 3 potions of lignification
 e - a potion of cure mutation
 f - 4 potions of curing
 j - 2 potions of brilliance
 k - a potion of heal wounds
 l - a potion of mutation {unknown}
 o - a potion of might {unknown}
 v - 3 potions of haste
 A - a potion of invisibility
 B - a potion of agility
 O - a potion of resistance {unknown}
 P - a potion of flight
 T - a potion of ambrosia {unknown}
Books
 E - the Guide on Quantum Attacks
   (You found it on level 3 of the Lair of Beasts)

   Spells                             Type                      Level
   a - Gell's Gravitas                Hexes/Translocation          3
   b - Portal Projectile              Translocation                3
   c - Teleport Other                 Translocation                3
   d - Iskenderun's Mystic Blast      Conjuration                  4
 S - a book of Party Tricks

   Spells                             Type                      Level
   a - Summon Butterflies             Summoning                    1
   b - Apportation                    Translocation                1
   c - Tukima's Dance                 Hexes                        3
   d - Alistair's Intoxication        Transmutation/Poison         5
   e - Invisibility                   Hexes                        6
 V - an Akashic Record

   Spells                             Type                      Level
   a - Dispersal                      Translocation                6
   b - Malign Gateway                 Summoning/Translocation      7
   c - Disjunction                    Translocation                8
   d - Controlled Blink               Translocation                8
 Z - a book of the Earth

   Spells                             Type                      Level
   a - Leda's Liquefaction            Hexes/Earth                  4
   b - Bolt of Magma                  Conjuration/Fire/Earth       5
   c - Statue Form                    Transmutation/Earth          6
   d - Iron Shot                      Conjuration/Earth            6
   e - Shatter                        Earth                        9
Miscellaneous
 M - a fan of gales (inert)
Comestibles
 c - 8 bread rations
 m - 23 fruits
 s - 3 royal jellies
 w - 11 meat rations
 z - 6 beef jerkies
 F - 7 slices of pizza


   Skills:
 * Level 5.0(3.7) Fighting
 - Level 1.7(0.6) Dodging
 - Level 1.7(0.6) Stealth
 + Level 11.1(9.6) Spellcasting
 + Level 8.0(6.6) Conjurations
 - Level 0.3(0.0) Charms
 - Level 2.0(0.8) Summonings
 * Level 1.3(0.1) Fire Magic
 - Level 10.9(9.4) Ice Magic


You had 10 spell levels left.
You knew the following spells:

 Your Spells              Type           Power        Failure   Level  Hunger
a - Freeze                Ice            ####         1%          1    None
b - Throw Frost           Conj/Ice       ######       1%          2    None
c - Ozocubu's Armour      Chrm/Ice       ######..     1%          3    None
d - Throw Icicle          Conj/Ice       ######..     1%          4    None
e - Summon Ice Beast      Ice/Summ       ######..     2%          4    None
f - Tukima's Dance        Hex            ###.....     10%         3    None
g - Summon Butterflies    Summ           ###.....     1%          1    None
h - Bolt of Magma         Conj/Fire/Erth ####......   28%         5    ##.....


Dungeon Overview and Level Annotations

Branches:
Dungeon (10/15)            Temple (0/1) D:7            Lair (3/8) D:9
  Swamp (0/4) Lair:3
  Snake: Lair:3-6    Spider: Lair:3-6       Orc: D:9-12

Shops:
D:6 =   D:7 }   D:8 (   D:10 [

Annotations:
D:8 Scarto's ghost, novice DsBe
Lair:3 Nergalle


Innate Abilities, Weirdness & Mutations

You have an increased reservoir of magic (+10% MP).
Your attributes are resistant to harm.
You are partially covered in yellow scales (AC +2).


Message History

The spectral orc knight hits you but does no damage.
The spectral orc knight completely misses you.
The spectral orc barely misses you.
The spectral orc hits you but does no damage.
You hit Nergalle but do no damage.
Nergalle is almost dead.
You feel sick.
The spectral orc hits you but does no damage.
The spectral orc closely misses you. Nergalle casts a spell at you.
The bolt of negative energy hits you!
You feel drained.
* * * LOW HITPOINT WARNING * * *
The bolt of negative energy hits the spectral orc warrior.
The spectral orc warrior completely resists.
The spectral orc hits you but does no damage.
The spectral orc warrior misses you.
The spectral orc hits you but does no damage.
The spectral orc knight hits you but does no damage.
The spectral orc knight hits you with a war axe!
You die...

##.......††P...........
#.......†P.P##.........
#..........#####.......
##........P# .......
#........## .......
.#........)# .......
#.......Z.## .......
##.....ZZZ## .......
##....ZZ@Z.#
#.....ZZZo##
#.......ZZ.#
##.......†......
#...............
##..............
#...............
##..............
#..............


You could see Nergalle, 4 spectral orcs, 5 spectral orc warriors and 3 spectral
orc knights.

Vanquished Creatures
  The ghost of Thrillho the Geomancer, a journeyman GrEE of Vehumet (Lair:2)
  Erica (D:9)
  Sonja (Lair:1)
  Pikel (D:6)
  2 hill giants (D:10)
  An orc knight (D:10)
  Maurice (D:8)
  3 spiny frogs
  4 komodo dragons
  A troll (D:7)
  2 two-headed ogres
  A spriggan (Lair:2)
  A wyvern (D:9)
  A wraith (D:9)
  7 yaks
  A basilisk (Lair:2)
  5 hippogriffs
  Edmund (D:4)
  6 porcupines
  5 water moccasins
  A slave (D:6)
  2 hell hounds (D:9)
  An ice beast (D:10)
  2 orc warriors
  2 sky beasts
  A wasp (D:10)
  4 black bears
  A phantom (D:10)
  3 necrophages
  3 wolves (Lair:2)
  3 centaurs
  3 crocodiles
  3 big kobolds
  7 giant frogs
  A gnoll sergeant (D:6)
  2 wyvern skeletons
  4 scorpions
  12 wights
  An electric eel (Lair:3)
  4 howler monkeys (D:8)
  4 jellies
  2 giant frog zombies (D:6)
  3 crimson imps
  A centaur zombie (D:9)
  A centaur skeleton (D:5)
  7 hounds
  A giant frog skeleton (D:9)
  6 orc priests
  6 orc wizards
  A gnoll shaman (D:6)
  6 iguanas
  6 worker ants
  2 sheep
  2 hound skeletons
  A worker ant zombie (D:6)
  A howler monkey zombie (D:9)
  8 gnolls (D:6)
  13 adders
  A river rat (Lair:2)
  3 shadow imps
  An ooze (D:1)
  An adder zombie (D:5)
  4 adder skeletons
  3 worms
  3 dart slugs (D:1)
  7 giant geckos
  41 orcs
  4 giant cockroaches
  7 goblins
  11 hobgoblins
  17 jackals
  25 kobolds
  3 quokkas
  A ball python (D:1)
  13 bats
  A giant cockroach zombie (D:6)
  A giant gecko skeleton (D:6)
  A giant gecko zombie (D:4)
  3 giant newts
  5 rats
333 creatures vanquished.

Vanquished Creatures (collateral kills)
  Fannar (Lair:3)
  A hydra (D:10)
  The ghost of ThereIsNoGod the Cleaver, a novice DDFi (D:5)
  A cyclops (D:10)
  A troll (D:9)
  A polar bear (Lair:2)
  Grinder (D:6)
  17 yaks
  3 slaves (D:6)
  2 orc warriors
  2 ice beasts
  An ogre (D:6)
  A big kobold (D:10)
  A water moccasin zombie (D:9)
  4 wights
  A crimson imp (D:10)
  A giant frog zombie (D:5)
  2 orc priests (D:6)
  A giant frog skeleton (D:5)
  8 sheep
  2 gnolls (D:6)
  36 river rats
  8 orcs
  2 hobgoblins (D:6)
  2 jackals (D:7)
  A plant (Lair:3)
102 creatures vanquished.

Vanquished Creatures (others)
  A ghoul (D:1)
  2 gargoyles (D:1)
  A troll (D:1)
  A formicid (D:1)
  A vampire (D:1)
  2 humans (D:1)
  2 dwarves (D:1)
  An ogre (D:1)
  A centaur (D:1)
  2 orcs (D:1)
  A kobold (D:1)
  3 fungi (Lair:2)
  4 tentacles (D:1)
  62 tentacle segments (D:1)
84 creatures vanquished.

Grand Total: 519 creatures vanquished

Notes
Turn   | Place    | Note
--------------------------------------------------------------
     0 | D:1      | manyhoops the Demigod Ice Elementalist began the quest for the Orb.
     0 | D:1      | Reached XP level 1. HP: 14/14 MP: 5/5
     3 | D:1      | Killed a dwarf
     5 | D:1      | Noticed a centaur
     5 | D:1      | Noticed a gargoyle
     5 | D:1      | Noticed an ogre
     5 | D:1      | Noticed a human
     5 | D:1      | Noticed a kraken
     5 | D:1      | Noticed a gargoyle
     5 | D:1      | Noticed a formicid
     5 | D:1      | Noticed a vampire
     5 | D:1      | Noticed a dwarf
     5 | D:1      | Noticed a human
     5 | D:1      | Noticed a troll
     5 | D:1      | Noticed a ghoul
     6 | D:1      | Killed a vampire
     7 | D:1      | Killed a gargoyle
     7 | D:1      | Killed a gargoyle
     9 | D:1      | Killed an ogre
    10 | D:1      | Killed a centaur
    10 | D:1      | Killed a human
    11 | D:1      | Killed a human
    12 | D:1      | Killed a ghoul
    13 | D:1      | Killed a formicid
    14 | D:1      | Killed a troll
    15 | D:1      | Killed a dwarf
   163 | D:1      | Reached XP level 2. HP: 3/20 MP: 2/7
   535 | D:1      | Reached skill level 2 in Spellcasting
   766 | D:1      | Reached XP level 3. HP: 20/26 MP: 4/8
   770 | D:1      | Learned a level 2 spell: Throw Frost
  1722 | D:2      | Reached XP level 4. HP: 30/33 MP: 5/10
  1754 | D:2      | Found a faded altar to an unknown god.
  1772 | D:2      | Learned a level 3 spell: Ozocubu's Armour
  2001 | D:3      | Found a blossoming altar of Fedhas.
  2044 | D:3      | Reached skill level 3 in Spellcasting
  2140 | D:3      | Noticed a hippogriff
  2961 | D:4      | Noticed an orc warrior
  2991 | D:4      | Reached XP level 5. HP: 33/38 MP: 7/12
  3123 | D:4      | Noticed Edmund
  3166 | D:4      | Killed an orc warrior
  3166 | D:4      | Reached skill level 1 in Conjurations
  3166 | D:4      | Reached skill level 5 in Ice Magic
  3258 | D:4      | Learned a level 4 spell: Throw Icicle
  3311 | D:4      | Reached XP level 6. HP: 46/46 MP: 6/15
  3462 | D:3      | Reached skill level 4 in Spellcasting
  3524 | D:4      | Killed a hippogriff
  3761 | D:4      | Killed Edmund
  3761 | D:4      | Reached skill level 1 in Fighting
  3761 | D:4      | Reached XP level 7. HP: 39/52 MP: 2/17
  3996 | D:4      | Learned a level 4 spell: Summon Ice Beast
  4065 | D:4      | Found a sacrificial altar of Ru.
  4108 | D:5      | Entered Level 5 of the Dungeon
  4144 | D:5      | Found an iron altar of Okawaru.
  4152 | D:5      | Reached skill level 5 in Spellcasting
  4204 | D:5      | Noticed ThereIsNoGod's ghost (novice DDFi)
  4818 | D:6      | Noticed Grinder
  4876 | D:6      | Reached XP level 8. HP: 49/59 MP: 11/19
  4896 | D:6      | Paralysed by Grinder for 2 turns
  4905 | D:6      | Killed Grinder
  4905 | D:6      | Reached skill level 1 in Summonings
  5316 | D:5      | Gained mutation: You are partially covered in yellow scales (AC +2). [potion of beneficial mutation]
  5397 | D:5      | Killed ThereIsNoGod's ghost
  5397 | D:5      | Reached skill level 6 in Spellcasting
  5594 | D:5      | Found a stormy altar of Qazlal.
  5801 | D:6      | Noticed Pikel
  6964 | D:6      | Killed Pikel
  6964 | D:6      | Reached skill level 7 in Spellcasting
  6964 | D:6      | Reached XP level 9. HP: 67/67 MP: 9/23
  6993 | D:6      | Found Cuguih's Jewellery Shoppe.
  7801 | D:7      | Found a staircase to the Ecumenical Temple.
  7820 | D:7      | Reached skill level 5 in Conjurations
  8556 | D:7      | Found Xanaome's Gadget Shop.
  8727 | D:8      | Found a shimmering altar of Xom.
  8760 | D:8      | Reached skill level 8 in Spellcasting
  9266 | D:8      | Noticed Maurice
  9430 | D:8      | Noticed Scarto's ghost (novice DsBe)
  9431 | D:8      | Killed Maurice
  9431 | D:8      | Reached XP level 10. HP: 74/74 MP: 9/26
  9950 | D:8      | Found Noewk's Antique Weapon Shoppe.
  9956 | D:8      | Bought a transparent morningstar for 279 gold pieces
  9956 | D:8      | Identified the +7 morningstar of Intimidation {speed, Int-2 Dex+5} (You bought it in a shop on level 8 of the Dungeon)
 10250 | D:9      | Found an iron altar of Okawaru.
 10474 | D:9      | Reached skill level 9 in Spellcasting
 10759 | D:9      | Found a staircase to the Lair.
 10932 | D:9      | Noticed Erica
 11049 | D:9      | Killed Erica
 11375 | Lair:1   | Entered Level 1 of the Lair of Beasts
 11413 | Lair:1   | Noticed Sonja
 11764 | Lair:1   | Killed Sonja
 11764 | Lair:1   | Reached XP level 11. HP: 77/82 MP: 7/29
 11930 | Lair:1   | Got a dazzling dagger
 11931 | Lair:1   | Identified the +2 dagger of Jookheps {vamp, Int+5} (You found it on level 1 of the Lair of Beasts)
 12111 | Lair:2   | Noticed Thrillho's ghost (journeyman GrEE)
 12119 | Lair:2   | Killed Thrillho's ghost
 12862 | Lair:2   | Reached skill level 10 in Spellcasting
 12862 | Lair:2   | Reached skill level 10 in Ice Magic
 13605 | Lair:2   | Learned a level 3 spell: Tukima's Dance
 13607 | Lair:2   | Learned a level 1 spell: Summon Butterflies
 14263 | D:10     | Entered Level 10 of the Dungeon
 14263 | D:10     | Noticed a hill giant
 14267 | D:10     | Killed a hill giant
 14654 | D:10     | Noticed a three-headed hydra
 14657 | D:10     | Killed a three-headed hydra
 15032 | D:8      | Found a glowing golden altar of the Shining One.
 15689 | D:10     | Noticed an orc knight
 15691 | D:10     | Noticed a hill giant
 15695 | D:10     | Killed an orc knight
 15727 | D:10     | Killed a hill giant
 16484 | D:10     | Found Zuaf's Antique Armour Shop.
 16603 | Lair:1   | Learned a level 5 spell: Bolt of Magma
 16680 | Lair:3   | Identified the Guide on Quantum Attacks
 16885 | Lair:3   | Noticed a death yak
 16887 | Lair:3   | Noticed a death yak
 16959 | Lair:2   | Reached skill level 11 in Spellcasting
 17089 | Lair:3   | Found a staircase to the Swamp.
 17123 | Lair:3   | Noticed Fannar
 17153 | Lair:3   | Killed Fannar
 17153 | Lair:3   | Reached skill level 1 in Fire Magic
 17295 | Lair:3   | Reached XP level 12. HP: 93/93 MP: 12/31
 17315 | Lair:3   | Reached skill level 5 in Fighting
 17320 | Lair:3   | Noticed Nergalle
 17349 | Lair:3   | Slain by a spectral orc knight

Skill      XL: |  1  2  3  4  5  6  7  8  9 10 11 12 |
---------------+-------------------------------------+-----
Ice Magic      | 3 4 5 6 7 8 9 10 | 10.9
Spellcasting   | 2 3 4 5 7 8 9 11 | 11.1
Conjurations   | 1 2 4 5 7 8 |  8.0
Fighting       | 1 2 3 4 5 |  5.0
Summonings     | 2 |  2.0
Fire Magic     | 1 |  1.3
Dodging        | |  1.7
Stealth        | |  1.7
Charms         | |  0.3

Action                   |  1- 3 |  4- 6 |  7- 9 | 10-12 || total
-------------------------+-------+-------+-------+-------++-------
Melee: Unarmed           |     5 |       |       |       ||     5
       Club              |    17 |     3 |       |       ||    20
       Rapier            |       |    21 |       |       ||    21
       Flail             |       |       |   172 |     2 ||   174
       Morningstar       |       |       |       |    80 ||    80
       Dagger            |       |       |       |   286 ||   286
 Cast: Freeze            |    74 |    75 |   170 |    58 ||   377
       Throw Frost       |       |    16 |    27 |    20 ||    63
       Ozocubu's Armour  |       |     5 |    16 |    31 ||    52
       Summon Ice Beast  |       |       |    39 |    68 ||   107
       Throw Icicle      |       |       |    50 |   143 ||   193
       Summon Butterflie |       |       |       |     1 ||     1
Evoke: Wand              |       |       |       |     5 ||     5
       Fan of gales      |       |       |       |     1 ||     1
  Use: Scroll            |       |     7 |     8 |    12 ||    27
       Potion            |       |       |     3 |     1 ||     4
 Stab: Distracted        |     1 |       |     1 |     3 ||     5
       Sleeping          |       |     1 |     6 |     7 ||    14
  Eat: Chunk             |     1 |     4 |     5 |    26 ||    36
       Bread ration      |     1 |       |     2 |     2 ||     5
       Meat ration       |       |       |     2 |     1 ||     3
       Beef jerky        |       |       |     1 |       ||     1
Armor: Robe              |    18 |    29 |   181 |   270 ||   498
Dodge: Dodged            |    71 |    56 |   273 |   394 ||   794
